Phantoms vs Stars

Created - Monday, January 05, 2015 at 01:03

Goals
1 2 3 OT1 SO T
Phantoms 0 1 1 0 2 3
Stars 0 1 1 0 1 2
Shots
1 2 3 OT1 SO T
Phantoms 6 13 3 1 3 23
Stars 7 8 15 0 3 30

1st period

No Goal

Penalties :
Steven Delisle (TEX) for Fighting (Major) at 1:59, Jerome Gauthier-Leduc (ADR) for Fighting (Major) at 1:59

2nd period

1. Phantoms , Adam Lowry 7 (Dmitrij Jaskin) at 2:40
2. Stars , Matt Watkins 3 (Steven Delisle) at 4:39 (PP)

Penalties :
Zack Stortini (ADR) for Diving (Minor) at 3:21, Mark Van Guilder (ADR) for Hooking (Minor) at 8:00, Cameron Gaunce (TEX) for Interference (Minor) at 13:17, Garnet Exelby (ADR) for Hooking (Minor) at 17:42

3rd period

3. Phantoms , Bryan Lerg 7 (Adam Lowry) at 3:05 (PP)
4. Stars , Carlo Colaiacovo 11 (Michael Davies) at 8:07 (PP)

Penalties :
Steven Delisle (TEX) for Tripping (Minor) at 1:16, Adam Lowry (ADR) for High sticking (Double Minor) at 4:55, Matt Lowry (TEX) for Tripping (Minor) at 10:57

Overtime #1

No Goal

Penalties :
No Penalty

Shootout

Penalty Shot by Dmitrij Jaskin for Phantoms - Goal!
Penalty Shot by Carter Bancks for Stars - Shot Misses the Net
Penalty Shot by Adam Lowry for Phantoms - Goal!
Penalty Shot by Zac Dalpe for Stars - Goal!
Penalty Shot by Bryan Lerg for Phantoms - Stopped by Hannu Toivonen
Penalty Shot by Justin Shugg for Stars - Stopped by Marek Mazanec

Penalties :
No Penalty

Goalie Stats

Marek Mazanec (ADR), 28 saves from 30 shots - (0.933), W, 5-4-8, 65:00 minutes
Hannu Toivonen (TEX), 21 saves from 23 shots - (0.913), OTL, 2-8-2, 65:00 minutes

Players Stats for Phantoms

Player Name              G  A  P  +/- PIM S  H  SB GA TA FO     MP     PP MP  PK MP  
------------------------------------------------------------------------------------
Adam Lowry               1  1  2   1  4   4  1  0  4  1  6/12   21:36   2:42   3:45 
Bryan Lerg               1  0  1   0  0   2  2  2  2  0  5/12   21:38   3:05   2:36 
Chris Langkow            0  0  0   0  0   0  1  0  0  0  3/4    12:48   0:00   0:00 
Denver Manderson         0  0  0   0  0   1  2  1  1  1  0/1    16:12   0:00   3:35 
Dmitrij Jaskin           0  1  1   1  0   4  2  0  2  1  3/6    24:10   2:40   3:25 
Garnet Exelby            0  0  0   0  2   1  4  1  0  0  0/0    27:33   3:55   3:37 
Garrett Wilson           0  0  0   0  0   1  1  0  1  1  0/0    18:28   3:05   0:23 
Greg Zanon               0  0  0   0  0   4  0  1  0  0  0/0    25:06   1:52   3:42 
Harri Pesonen            0  0  0   1  0   0  4  0  0  0  0/1    17:49   2:42   0:34 
Jerome Gauthier-Leduc    0  0  0   1  5   0  1  0  0  1  0/0    12:18   0:00   0:00 
Josh Lunden              0  0  0   0  0   0  0  1  1  1  0/0    13:16   0:00   2:38 
Keegan Lowe              0  0  0   1  0   0  0  3  0  0  0/0    16:03   0:00   1:09 
Mark Van Guilder         0  0  0   0  2   0  2  1  3  0  3/4    15:53   0:02   0:00 
Martin Gernat            0  0  0   0  0   1  1  1  0  1  0/0    22:59   1:52   3:42 
Randy Jones              0  0  0   0  0   4  3  4  3  0  0/0    27:25   3:55   4:46 
Steve MacIntyre          0  0  0   0  0   0  0  0  0  0  0/0     0:00   0:00   0:00 
Zack FitzGerald          0  0  0   0  0   0  0  0  0  0  0/0     0:00   0:00   0:00 
Zack Stortini            0  0  0   0  2   1  3  0  0  1  0/0    18:13   3:05   0:00 

Players Stats for Stars

Player Name              G  A  P  +/- PIM S  H  SB GA TA FO     MP     PP MP  PK MP  
------------------------------------------------------------------------------------
Alexandre Grenier        0  0  0   0  0   1  1  1  1  0  0/0    23:54   4:05   3:16 
Austin Madaisky          0  0  0   0  0   2  0  1  1  0  0/0    14:02   3:56   0:00 
Cameron Gaunce           0  0  0   0  2   1  0  0  0  1  0/0    16:30   0:21   0:32 
Carlo Colaiacovo         1  0  1  -1  0   3  4  4  3  4  0/0    26:07   4:53   1:52 
Carter Bancks            0  0  0   0  0   1  2  0  1  2  2/3    20:19   0:47   4:26 
Jamie Oleksiak           0  0  0   0  0   4  2  0  1  1  0/0    19:41   0:00   3:55 
Joonas Rask              0  0  0   0  0   0  0  0  0  0  0/0     0:00   0:00   0:00 
Justin Shugg             0  0  0   0  0   2  2  1  1  0  0/1    23:01   3:18   2:25 
Matt Lowry               0  0  0   0  2   1  2  0  0  0  4/8    13:21   0:00   0:00 
Matt Tennyson            0  0  0   0  0   1  1  0  0  0  0/0    29:53   4:32   4:10 
Matt Watkins             1  0  1  -1  0   4  3  2  4  1  0/0    20:10   4:23   0:00 
Michael Davies           0  1  1  -1  0   2  2  0  1  0  0/0    20:33   4:23   0:16 
Nicolas Blanchard        0  0  0   0  0   0  1  1  0  0  0/0     3:06   0:00   0:06 
Spencer Machacek         0  0  0   0  0   4  1  0  1  0  1/1    16:45   0:00   0:00 
Steven Delisle           0  1  1  -1  7   1  2  2  1  1  0/0    25:14   3:14   1:05 
Vinny Saponari           0  0  0   0  0   0  0  0  0  0  0/0     0:22   0:00   0:00 
Wacey Hamilton           0  0  0  -1  0   0  3  1  1  0  10/16  21:32   4:23   1:05 
Zac Dalpe                0  0  0   0  0   3  1  0  1  0  3/11   19:39   4:05   0:00 

3 Stars

1 - Carlo Colaiacovo (TEX)
2 - Bryan Lerg (ADR)
3 - Matt Watkins (TEX)

Power Play

Phantoms - 1 on 3 Attempt(s) - 33.33%
Stars - 2 on 5 Attempt(s) - 40.00%

Penalty Kill

Phantoms - 3 on 5 Attempt(s) - 60.00% - Score 0 goal in Penalty Kill
Stars - 2 on 3 Attempt(s) - 66.67% - Score 0 goal in Penalty Kill

Team Stat

Phantoms - Hits : 27 - Faceoff Wins : 20 - Blocked Shots : 15 - Penalty Minutes : 15
Stars - Hits : 27 - Faceoff Wins : 20 - Blocked Shots : 13 - Penalty Minutes : 11

Official

Referees : Unknown
Linesman : Unknown

Game Notes

Jerome Gauthier-Leduc beats up Steven Delisle at 1:59 of 1st period

Finance

Level 1 -- Attendance: 1516 (75.80%) -- Ticket Income $53,060
Level 2 -- Attendance: 752 (75.20%) -- Ticket Income $11,280
Total Attendance: 2268 (75.60%)
Total Ticket Income: $64,340
Other Income: $31,527
Total Income: $95,867

Phantoms

5 vs 5 Forward 
   Center                   Left Wing                Right Wing               Time % Phy DF OF 
 1 Adam Lowry               Dmitrij Jaskin           Harri Pesonen            35     1   2  2  
 2 Bryan Lerg               Garrett Wilson           Zack Stortini            30     1   2  2  
 3 Mark Van Guilder         Denver Manderson         Dmitrij Jaskin           22     1   2  2  
 4 Chris Langkow            Josh Lunden              Dmitrij Jaskin           13     1   2  2  

5 vs 5 Defense 
   Defense                  Defense                                           Time % Phy DF OF 
 1 Randy Jones              Garnet Exelby                                     35     1   2  2  
 2 Greg Zanon               Martin Gernat                                     30     1   2  2  
 3 Jerome Gauthier-Leduc    Keegan Lowe                                       22     1   2  2  
 4 Randy Jones              Garnet Exelby                                     13     1   2  2  

PowerPlay Forward 
   Center                   Left Wing                Right Wing               Time % Phy DF OF 
 1 Adam Lowry               Dmitrij Jaskin           Harri Pesonen            60     1   2  2  
 2 Bryan Lerg               Garrett Wilson           Zack Stortini            40     1   2  2  

PowerPlay Defense
   Defense                  Defense                                           Time % Phy DF OF 
 1 Randy Jones              Garnet Exelby                                     60     1   2  2  
 2 Greg Zanon               Martin Gernat                                     40     1   2  2  

Penalty Kill 4 Players Forward 
   Center                   Wing                     Time % Phy DF OF 
 1 Dmitrij Jaskin           Adam Lowry               60     1   2  2  
 2 Bryan Lerg               Harri Pesonen            40     1   2  2  

Penalty Kill 4 Players Defense
   Defense                  Defense                  Time % Phy DF OF 
 1 Randy Jones              Garnet Exelby            60     1   2  2  
 2 Greg Zanon               Martin Gernat            40     1   2  2  

Penalty Kill - 3 Players Forward 
   Forward                                           Time % Phy DF OF 
 1 Dmitrij Jaskin                                    60     1   2  2  
 2 Adam Lowry                                        40     1   2  2  

Penalty Kill - 3 Players Defense
   Defense                  Defense                  Time % Phy DF OF 
 1 Randy Jones              Garnet Exelby            60     1   2  2  
 2 Greg Zanon               Martin Gernat            40     1   2  2  

4 vs 4 Forward 
   Center                   Wing                     Time % Phy DF OF 
 1 Dmitrij Jaskin           Adam Lowry               60     1   2  2  
 2 Bryan Lerg               Harri Pesonen            40     1   2  2  

4 vs 4 Defense
   Defense                  Defense                  Time % Phy DF OF 
 1 Randy Jones              Garnet Exelby            60     1   2  2  
 2 Greg Zanon               Martin Gernat            40     1   2  2  

Last Minutes Offensive
   Center                   Left Wing                Right Wing               Defense                  Defense                  
   Adam Lowry               Dmitrij Jaskin           Harri Pesonen            Randy Jones              Garnet Exelby            

Last Minutes Defensive
   Center                   Left Wing                Right Wing               Defense                  Defense                  
   Adam Lowry               Dmitrij Jaskin           Harri Pesonen            Randy Jones              Garnet Exelby            

Goaltenders
Starting : Marek Mazanec            
Backup : Johan Hedberg            

Extra Forwards
Normal : Mark Van Guilder, Chris Langkow, Denver Manderson - PP : Mark Van Guilder, Chris Langkow - PK : Denver Manderson
Extra Defensemen
Normal : Jerome Gauthier-Leduc, Keegan Lowe, Greg Zanon - PP : Jerome Gauthier-Leduc - PK : Keegan Lowe, Greg Zanon
Penalty Shots
Dmitrij Jaskin, Adam Lowry, Bryan Lerg, Harri Pesonen, Zack Stortini

Stars

5 vs 5 Forward 
   Center                   Left Wing                Right Wing               Time % Phy DF OF 
 1 Zac Dalpe                Justin Shugg             Spencer Machacek         35     1   2  2  
 2 Wacey Hamilton           Matt Watkins             Michael Davies           30     1   2  2  
 3 Matt Lowry               Carter Bancks            Alexandre Grenier        22     1   2  2  
 4 Zac Dalpe                Justin Shugg             Alexandre Grenier        13     1   2  2  

5 vs 5 Defense 
   Defense                  Defense                                           Time % Phy DF OF 
 1 Matt Tennyson            Jamie Oleksiak                                    35     1   2  2  
 2 Steven Delisle           Carlo Colaiacovo                                  30     1   2  2  
 3 Matt Tennyson            Cameron Gaunce                                    22     1   2  2  
 4 Austin Madaisky          Steven Delisle                                    13     1   2  2  

PowerPlay Forward 
   Center                   Left Wing                Right Wing               Time % Phy DF OF 
 1 Zac Dalpe                Justin Shugg             Alexandre Grenier        60     1   2  2  
 2 Wacey Hamilton           Matt Watkins             Michael Davies           40     1   2  2  

PowerPlay Defense
   Defense                  Defense                                           Time % Phy DF OF 
 1 Matt Tennyson            Carlo Colaiacovo                                  60     1   2  2  
 2 Steven Delisle           Austin Madaisky                                   40     1   2  2  

Penalty Kill 4 Players Forward 
   Center                   Wing                     Time % Phy DF OF 
 1 Carter Bancks            Alexandre Grenier        60     1   2  2  
 2 Justin Shugg             Michael Davies           40     1   2  2  

Penalty Kill 4 Players Defense
   Defense                  Defense                  Time % Phy DF OF 
 1 Matt Tennyson            Jamie Oleksiak           60     1   2  2  
 2 Steven Delisle           Carlo Colaiacovo         40     1   2  2  

Penalty Kill - 3 Players Forward 
   Forward                                           Time % Phy DF OF 
 1 Justin Shugg                                      60     1   2  2  
 2 Michael Davies                                    40     1   2  2  

Penalty Kill - 3 Players Defense
   Defense                  Defense                  Time % Phy DF OF 
 1 Matt Tennyson            Carlo Colaiacovo         60     1   2  2  
 2 Steven Delisle           Jamie Oleksiak           40     1   2  2  

4 vs 4 Forward 
   Center                   Wing                     Time % Phy DF OF 
 1 Spencer Machacek         Alexandre Grenier        60     1   2  2  
 2 Justin Shugg             Michael Davies           40     1   2  2  

4 vs 4 Defense
   Defense                  Defense                  Time % Phy DF OF 
 1 Carlo Colaiacovo         Steven Delisle           60     1   2  2  
 2 Cameron Gaunce           Matt Tennyson            40     1   2  2  

Last Minutes Offensive
   Center                   Left Wing                Right Wing               Defense                  Defense                  
   Zac Dalpe                Justin Shugg             Spencer Machacek         Matt Tennyson            Carlo Colaiacovo         

Last Minutes Defensive
   Center                   Left Wing                Right Wing               Defense                  Defense                  
   Zac Dalpe                Justin Shugg             Spencer Machacek         Matt Tennyson            Carlo Colaiacovo         

Goaltenders
Starting : Hannu Toivonen           
Backup : Joey MacDonald           

Extra Forwards
Normal : Alexandre Grenier, Justin Shugg, Carter Bancks - PP : Alexandre Grenier, Justin Shugg - PK : Carter Bancks
Extra Defensemen
Normal : Matt Tennyson, Steven Delisle, Cameron Gaunce - PP : Steven Delisle - PK : Steven Delisle, Matt Tennyson
Penalty Shots
Carter Bancks, Zac Dalpe, Justin Shugg, Michael Davies, Alexandre Grenier

% Time on Ice - Phantoms

Lines # - Real PCT - Wanted PCT - Time Play
Normal Forward
1 - 27% - 35% - 12:26
2 - 33% - 30% - 14:54
3 - 24% - 22% - 10:58
4 - 16% - 13% - 7:27
Normal Defense
1 - 30% - 35% - 13:50
2 - 33% - 30% - 14:59
3 - 32% - 22% - 14:36
4 - 5% - 13% - 2:20
PP Forward
1 - 47% - 60% - 2:42
2 - 53% - 40% - 3:05
PP Defense
1 - 68% - 60% - 3:55
2 - 32% - 40% - 1:52
PK Forward
1 - 93% - 60% - 7:54
2 - 7% - 40% - 0:34
PK Defense
1 - 56% - 60% - 4:46
2 - 44% - 40% - 3:42
PK3 Forward
1 - 0% - 60%
2 - 0% - 40%
PK3 Defense
1 - 0% - 60%
2 - 0% - 40%
44 Forward
1 - 83% - 60% - 4:08
2 - 17% - 40% - 0:52
44 Defense
1 - 51% - 60% - 2:34
2 - 49% - 40% - 2:26
Last Minute Offensive  - 0:00
Last Minute Defensive  - 0:00
Total
Forward - 65:00
Defense - 65:00

% Time on Ice - Stars

Lines # - Real PCT - Wanted PCT - Time Play
Normal Forward
1 - 36% - 35% - 16:38
2 - 33% - 30% - 15:16
3 - 24% - 22% - 10:58
4 - 6% - 13% - 2:53
Normal Defense
1 - 34% - 35% - 15:23
2 - 27% - 30% - 12:23
3 - 18% - 22% - 8:17
4 - 21% - 13% - 9:42
PP Forward
1 - 48% - 60% - 4:05
2 - 52% - 40% - 4:23
PP Defense
1 - 54% - 60% - 4:32
2 - 46% - 40% - 3:56
PK Forward
1 - 95% - 60% - 5:31
2 - 5% - 40% - 0:16
PK Defense
1 - 68% - 60% - 3:55
2 - 32% - 40% - 1:52
PK3 Forward
1 - 0% - 60%
2 - 0% - 40%
PK3 Defense
1 - 0% - 60%
2 - 0% - 40%
44 Forward
1 - 90% - 60% - 4:31
2 - 10% - 40% - 0:29
44 Defense
1 - 60% - 60% - 2:59
2 - 40% - 40% - 2:01
Last Minute Offensive  - 0:00
Last Minute Defensive  - 0:00
Total
Forward - 65:00
Defense - 65:00

Play by Play

1st period


0:01 of 1st period - Zac Dalpe wins face-off versus Adam Lowry in neutral zone.
0:16 of 1st period - Wrist shot by Spencer Machacek.
0:16 of 1st period - Shot Blocked by Randy Jones.
0:28 of 1st period - Backhand shot by Dmitrij Jaskin.
0:28 of 1st period - Stopped by Hannu Toivonen with a rebound.
0:58 of 1st period - Wrist shot by Bryan Lerg.
0:58 of 1st period - Shot Misses the Net.
1:00 of 1st period - Snap shot by Zack Stortini.
1:00 of 1st period - Deflect By Jamie Oleksiak.
1:00 of 1st period - Shot Misses the Net.
1:00 of 1st period - Puck is out of play.
1:01 of 1st period - Bryan Lerg wins face-off versus Wacey Hamilton in Stars zone.
1:10 of 1st period - Wrist shot by Garrett Wilson.
1:10 of 1st period - Shot Blocked by Steven Delisle.
1:59 of 1st period - Jerome Gauthier-Leduc beats up Steven Delisle.
1:59 of 1st period - Penalty to Steven Delisle for Fighting.
1:59 of 1st period - Penalty to Jerome Gauthier-Leduc for Fighting.
2:00 of 1st period - Chris Langkow wins face-off versus Matt Lowry in Stars zone.
2:16 of 1st period - Icing by Greg Zanon.
2:17 of 1st period - Matt Lowry wins face-off versus Chris Langkow in Phantoms zone.
2:58 of 1st period - Keegan Lowe is hit by Matt Tennyson and loses puck.
3:11 of 1st period - Snap shot by Matt Watkins.
3:11 of 1st period - Shot Misses the Net.
3:13 of 1st period - Slapshot by Matt Watkins.
3:13 of 1st period - Shot Misses the Net.
3:15 of 1st period - Slapshot by Michael Davies.
3:15 of 1st period - Shot Blocked by Josh Lunden.
3:53 of 1st period - Slapshot by Carlo Colaiacovo.
3:53 of 1st period - Shot Blocked by Keegan Lowe.
3:55 of 1st period - Snap shot by Cameron Gaunce.
3:55 of 1st period - Stopped by Marek Mazanec with a rebound.
4:13 of 1st period - Wrist shot by Bryan Lerg.
4:13 of 1st period - Stopped by Hannu Toivonen with a rebound.
4:19 of 1st period - Snap shot by Garrett Wilson.
4:19 of 1st period - Shot Misses the Net.
4:21 of 1st period - Snap shot by Zack Stortini.
4:21 of 1st period - Deflect By Carlo Colaiacovo.
4:21 of 1st period - Shot Misses the Net.
4:21 of 1st period - Puck is out of play.
4:22 of 1st period - Matt Lowry wins face-off versus Bryan Lerg in Stars zone.
4:33 of 1st period - Slapshot by Matt Tennyson.
4:33 of 1st period - Shot Blocked by Randy Jones.
4:35 of 1st period - Backhand shot by Alexandre Grenier.
4:35 of 1st period - Stopped by Marek Mazanec with a rebound.
6:16 of 1st period - Snap shot by Wacey Hamilton.
6:16 of 1st period - Shot Blocked by Mark Van Guilder.
7:06 of 1st period - Zac Dalpe is hit by Garnet Exelby.
8:24 of 1st period - Keegan Lowe is hit by Justin Shugg.
8:28 of 1st period - Snap shot by Spencer Machacek.
8:28 of 1st period - Shot Misses the Net.
8:30 of 1st period - Wrist shot by Spencer Machacek.
8:30 of 1st period - Shot Misses the Net.
8:48 of 1st period - Icing by Jamie Oleksiak.
8:49 of 1st period - Wacey Hamilton wins face-off versus Adam Lowry in Stars zone.
8:59 of 1st period - Off-side.
9:00 of 1st period - Wacey Hamilton wins face-off versus Adam Lowry in neutral zone.
9:15 of 1st period - Wrist shot by Dmitrij Jaskin.
9:15 of 1st period - Stopped by Hannu Toivonen with a rebound.
9:50 of 1st period - Slapshot by Matt Lowry.
9:50 of 1st period - Stopped by Marek Mazanec with a rebound.
9:52 of 1st period - Wrist shot by Matt Tennyson.
9:52 of 1st period - Shot Blocked by Martin Gernat.
10:17 of 1st period - Slapshot by Michael Davies.
10:17 of 1st period - Shot Blocked by Bryan Lerg.
10:26 of 1st period - Icing by Keegan Lowe.
10:27 of 1st period - Matt Lowry wins face-off versus Bryan Lerg in Phantoms zone.
11:15 of 1st period - Snap shot by Randy Jones.
11:15 of 1st period - Stopped by Hannu Toivonen with a rebound.
11:17 of 1st period - Slapshot by Randy Jones.
11:17 of 1st period - Stopped by Hannu Toivonen without a rebound.
11:18 of 1st period - Chris Langkow wins face-off versus Zac Dalpe in Stars zone.
13:53 of 1st period - Snap shot by Denver Manderson.
13:53 of 1st period - Shot Misses the Net.
15:32 of 1st period - Wrist shot by Dmitrij Jaskin.
15:32 of 1st period - Shot Blocked by Wacey Hamilton.
16:13 of 1st period - Carlo Colaiacovo is hit by Garnet Exelby and loses puck.
16:36 of 1st period - Slapshot by Greg Zanon.
16:36 of 1st period - Stopped by Hannu Toivonen with a rebound.
17:23 of 1st period - Zack Stortini is hit by Matt Lowry and loses puck.
17:46 of 1st period - Slapshot by Carlo Colaiacovo.
17:46 of 1st period - Deflect By Randy Jones.
17:46 of 1st period - Stopped by Marek Mazanec without a rebound.
17:47 of 1st period - Chris Langkow wins face-off versus Zac Dalpe in Phantoms zone.
17:47 of 1st period - Chris Langkow is hit by Matt Watkins.
17:53 of 1st period - Zac Dalpe is hit by Denver Manderson and loses puck.
18:08 of 1st period - Bryan Lerg is hit by Nicolas Blanchard and loses puck.
18:13 of 1st period - Backhand shot by Carlo Colaiacovo.
18:13 of 1st period - Shot Blocked by Bryan Lerg.
18:15 of 1st period - Slapshot by Austin Madaisky.
18:15 of 1st period - Stopped by Marek Mazanec without a rebound.
18:16 of 1st period - Bryan Lerg wins face-off versus Wacey Hamilton in Phantoms zone.
18:16 of 1st period - Bryan Lerg is hit by Carlo Colaiacovo.
18:45 of 1st period - Matt Tennyson is hit by Martin Gernat and loses puck.
19:27 of 1st period - Snap shot by Michael Davies.
19:27 of 1st period - Stopped by Marek Mazanec with a rebound.
19:40 of 1st period - Backhand shot by Matt Watkins.
19:40 of 1st period - Stopped by Marek Mazanec with a rebound.
Goals for this period are 0 for Phantoms vs 0 for Stars.
Shots for this period are 6 for Phantoms vs 7 for Stars.

2nd period


0:01 of 2nd period - Adam Lowry wins face-off versus Zac Dalpe in neutral zone.
0:16 of 2nd period - Slapshot by Randy Jones.
0:16 of 2nd period - Shot Blocked by Carlo Colaiacovo.
0:50 of 2nd period - Bryan Lerg is hit by Carlo Colaiacovo.
1:04 of 2nd period - Matt Watkins is hit by Randy Jones and loses puck.
1:16 of 2nd period - Off-side.
1:17 of 2nd period - Mark Van Guilder wins face-off versus Matt Lowry in neutral zone.
1:24 of 2nd period - Backhand shot by Dmitrij Jaskin.
1:24 of 2nd period - Stopped by Hannu Toivonen with a rebound.
2:02 of 2nd period - Garrett Wilson is hit by Spencer Machacek and loses puck.
2:13 of 2nd period - Cameron Gaunce is hit by Jerome Gauthier-Leduc and loses puck.
2:34 of 2nd period - Adam Lowry is hit by Wacey Hamilton.
2:40 of 2nd period - Slapshot by Adam Lowry.
2:40 of 2nd period - Goal by Adam Lowry - Phantoms : 1 - Stars : 0.
2:41 of 2nd period - Wacey Hamilton wins face-off versus Harri Pesonen in neutral zone.
2:52 of 2nd period - Matt Watkins is hit by Dmitrij Jaskin and loses puck.
2:59 of 2nd period - Randy Jones is hit by Matt Watkins.
3:11 of 2nd period - Wrist shot by Michael Davies.
3:11 of 2nd period - Stopped by Marek Mazanec with a rebound.
3:21 of 2nd period - Minor Penalty to Zack Stortini for Diving.
3:22 of 2nd period - Dmitrij Jaskin wins face-off versus Zac Dalpe in Phantoms zone.
3:33 of 2nd period - Wrist shot by Dmitrij Jaskin.
3:33 of 2nd period - Stopped by Hannu Toivonen with a rebound.
3:35 of 2nd period - Slapshot by Greg Zanon.
3:35 of 2nd period - Shot Blocked by Carlo Colaiacovo.
3:37 of 2nd period - Slapshot by Greg Zanon.
3:37 of 2nd period - Stopped by Hannu Toivonen with a rebound.
3:39 of 2nd period - Slapshot by Greg Zanon.
3:39 of 2nd period - Shot Blocked by Carlo Colaiacovo.
3:55 of 2nd period - Slapshot by Greg Zanon.
3:55 of 2nd period - Shot Misses the Net.
3:57 of 2nd period - Slapshot by Martin Gernat.
3:57 of 2nd period - Shot Blocked by Carlo Colaiacovo.
3:59 of 2nd period - Snap shot by Adam Lowry.
3:59 of 2nd period - Shot Misses the Net.
4:01 of 2nd period - Slapshot by Greg Zanon.
4:01 of 2nd period - Stopped by Hannu Toivonen with a rebound.
4:39 of 2nd period - Snap shot by Matt Watkins.
4:39 of 2nd period - Goal by Matt Watkins - Phantoms : 1 - Stars : 1.
4:40 of 2nd period - Bryan Lerg wins face-off versus Wacey Hamilton in neutral zone.
4:43 of 2nd period - Matt Watkins is hit by Bryan Lerg.
4:47 of 2nd period - Garrett Wilson is hit by Wacey Hamilton and loses puck.
5:04 of 2nd period - Wrist shot by Zack Stortini.
5:04 of 2nd period - Stopped by Hannu Toivonen without a rebound.
5:05 of 2nd period - Mark Van Guilder wins face-off versus Matt Lowry in Stars zone.
5:56 of 2nd period - Wrist shot by Zack Stortini.
5:56 of 2nd period - Shot Blocked by Justin Shugg.
5:58 of 2nd period - Slapshot by Randy Jones.
5:58 of 2nd period - Stopped by Hannu Toivonen with a rebound.
6:00 of 2nd period - Wrist shot by Garnet Exelby.
6:00 of 2nd period - Deflect By Carlo Colaiacovo.
6:00 of 2nd period - Stopped by Hannu Toivonen with a rebound.
6:02 of 2nd period - Slapshot by Randy Jones.
6:02 of 2nd period - Stopped by Hannu Toivonen with a rebound.
6:04 of 2nd period - Snap shot by Garrett Wilson.
6:04 of 2nd period - Stopped by Hannu Toivonen without a rebound.
6:05 of 2nd period - Adam Lowry wins face-off versus Wacey Hamilton in Stars zone.
7:01 of 2nd period - Steven Delisle is hit by Garnet Exelby.
7:17 of 2nd period - Wrist shot by Spencer Machacek.
7:17 of 2nd period - Deflect By Garnet Exelby.
7:17 of 2nd period - Stopped by Marek Mazanec with a rebound.
8:00 of 2nd period - Minor Penalty to Mark Van Guilder for Hooking.
8:01 of 2nd period - Dmitrij Jaskin wins face-off versus Wacey Hamilton in Phantoms zone.
8:22 of 2nd period - Snap shot by Greg Zanon.
8:22 of 2nd period - Shot Blocked by Matt Watkins.
8:41 of 2nd period - Snap shot by Adam Lowry.
8:41 of 2nd period - Shot Blocked by Matt Watkins.
8:43 of 2nd period - Backhand shot by Martin Gernat.
8:43 of 2nd period - Stopped by Hannu Toivonen with a rebound.
8:45 of 2nd period - Snap shot by Greg Zanon.
8:45 of 2nd period - Stopped by Hannu Toivonen with a rebound.
8:52 of 2nd period - Icing by Carlo Colaiacovo.
8:53 of 2nd period - Wacey Hamilton wins face-off versus Dmitrij Jaskin in Stars zone.
9:06 of 2nd period - Wrist shot by Zac Dalpe.
9:06 of 2nd period - Shot Misses the Net.
9:08 of 2nd period - Slapshot by Steven Delisle.
9:08 of 2nd period - Stopped by Marek Mazanec with a rebound.
9:20 of 2nd period - Austin Madaisky is hit by Randy Jones and loses puck.
9:37 of 2nd period - Alexandre Grenier is hit by Harri Pesonen and loses puck.
9:54 of 2nd period - Slapshot by Carlo Colaiacovo.
9:54 of 2nd period - Shot Misses the Net.
9:56 of 2nd period - Slapshot by Michael Davies.
9:56 of 2nd period - Shot Misses the Net.
10:00 of 2nd period - Penalty to Mark Van Guilder is over, Mark Van Guilder is back on ice.
10:00 of 2nd period - Slapshot by Carlo Colaiacovo.
10:00 of 2nd period - Stopped by Marek Mazanec with a rebound.
10:02 of 2nd period - Snap shot by Matt Watkins.
10:02 of 2nd period - Stopped by Marek Mazanec without a rebound.
10:03 of 2nd period - Wacey Hamilton wins face-off versus Bryan Lerg in Phantoms zone.
11:35 of 2nd period - Zack Stortini is hit by Steven Delisle and loses puck.
12:01 of 2nd period - Slapshot by Spencer Machacek.
12:01 of 2nd period - Stopped by Marek Mazanec with a rebound.
12:28 of 2nd period - Slapshot by Carlo Colaiacovo.
12:28 of 2nd period - Shot Misses the Net.
12:40 of 2nd period - Matt Lowry is hit by Mark Van Guilder and loses puck.
12:52 of 2nd period - Snap shot by Jamie Oleksiak.
12:52 of 2nd period - Stopped by Marek Mazanec without a rebound.
12:53 of 2nd period - Bryan Lerg wins face-off versus Matt Lowry in Phantoms zone.
13:17 of 2nd period - Minor Penalty to Cameron Gaunce for Interference.
13:18 of 2nd period - Carter Bancks wins face-off versus Adam Lowry in Stars zone.
14:32 of 2nd period - Wacey Hamilton is hit by Zack Stortini and loses puck.
15:01 of 2nd period - Justin Shugg is hit by Harri Pesonen.
15:17 of 2nd period - Penalty to Cameron Gaunce is over, Cameron Gaunce is back on ice.
15:25 of 2nd period - Carter Bancks is hit by Bryan Lerg.
15:43 of 2nd period - Wrist shot by Mark Van Guilder.
15:43 of 2nd period - Shot Misses the Net.
15:45 of 2nd period - Slapshot by Keegan Lowe.
15:45 of 2nd period - Shot Blocked by Nicolas Blanchard.
15:47 of 2nd period - Slapshot by Jerome Gauthier-Leduc.
15:47 of 2nd period - Shot Misses the Net.
15:49 of 2nd period - Backhand shot by Denver Manderson.
15:49 of 2nd period - Stopped by Hannu Toivonen without a rebound.
15:50 of 2nd period - Wacey Hamilton wins face-off versus Mark Van Guilder in Stars zone.
16:12 of 2nd period - Matt Watkins is hit by Mark Van Guilder.
16:32 of 2nd period - Carlo Colaiacovo is hit by Chris Langkow and loses puck.
17:42 of 2nd period - Minor Penalty to Garnet Exelby for Hooking.
17:43 of 2nd period - Wacey Hamilton wins face-off versus Dmitrij Jaskin in Phantoms zone.
18:05 of 2nd period - Keegan Lowe is hit by Michael Davies and loses puck.
19:42 of 2nd period - Penalty to Garnet Exelby is over, Garnet Exelby is back on ice.
Goals for this period are 1 for Phantoms vs 1 for Stars.
Shots for this period are 13 for Phantoms vs 8 for Stars.

3rd period


0:01 of 3rd period - Zac Dalpe wins face-off versus Adam Lowry in neutral zone.
0:06 of 3rd period - Wrist shot by Alexandre Grenier.
0:06 of 3rd period - Shot Blocked by Garnet Exelby.
0:08 of 3rd period - Slapshot by Jamie Oleksiak.
0:08 of 3rd period - Stopped by Marek Mazanec with a rebound.
0:10 of 3rd period - Slapshot by Jamie Oleksiak.
0:10 of 3rd period - Deflect By Alexandre Grenier.
0:10 of 3rd period - Shot Misses the Net.
0:10 of 3rd period - Puck is out of play.
0:11 of 3rd period - Zac Dalpe wins face-off versus Adam Lowry in Phantoms zone.
0:20 of 3rd period - Snap shot by Adam Lowry.
0:20 of 3rd period - Stopped by Hannu Toivonen without a rebound.
0:21 of 3rd period - Bryan Lerg wins face-off versus Wacey Hamilton in Stars zone.
0:52 of 3rd period - Wrist shot by Michael Davies.
0:52 of 3rd period - Shot Blocked by Randy Jones.
0:54 of 3rd period - Slapshot by Matt Watkins.
0:54 of 3rd period - Stopped by Marek Mazanec without a rebound.
0:55 of 3rd period - Adam Lowry wins face-off versus Zac Dalpe in Phantoms zone.
0:55 of 3rd period - Adam Lowry is hit by Carlo Colaiacovo.
1:16 of 3rd period - Minor Penalty to Steven Delisle for Tripping.
1:17 of 3rd period - Adam Lowry wins face-off versus Carter Bancks in Stars zone.
1:19 of 3rd period - Slapshot by Randy Jones.
1:19 of 3rd period - Shot Misses the Net.
1:33 of 3rd period - Carter Bancks is hit by Harri Pesonen and loses puck.
2:08 of 3rd period - Carter Bancks is hit by Garrett Wilson and loses puck.
2:50 of 3rd period - Off-side.
2:51 of 3rd period - Adam Lowry wins face-off versus Justin Shugg in neutral zone.
3:05 of 3rd period - Backhand shot by Bryan Lerg.
3:05 of 3rd period - Goal by Bryan Lerg - Phantoms : 2 - Stars : 1.
3:06 of 3rd period - Mark Van Guilder wins face-off versus Zac Dalpe in neutral zone.
4:37 of 3rd period - Slapshot by Matt Tennyson.
4:37 of 3rd period - Deflect By Garnet Exelby.
4:37 of 3rd period - Stopped by Marek Mazanec with a rebound.
4:39 of 3rd period - Wrist shot by Carter Bancks.
4:39 of 3rd period - Stopped by Marek Mazanec with a rebound.
4:49 of 3rd period - Snap shot by Alexandre Grenier.
4:49 of 3rd period - Shot Misses the Net.
4:55 of 3rd period - Double Minor Penalty to Adam Lowry for High sticking.
4:56 of 3rd period - Dmitrij Jaskin wins face-off versus Zac Dalpe in Phantoms zone.
5:27 of 3rd period - Randy Jones is hit by Matt Watkins and loses puck.
5:35 of 3rd period - Icing by Matt Tennyson.
5:36 of 3rd period - Wacey Hamilton wins face-off versus Denver Manderson in Stars zone.
5:41 of 3rd period - Randy Jones is hit by Wacey Hamilton and loses puck.
5:52 of 3rd period - Garnet Exelby is hit by Michael Davies and loses puck.
6:30 of 3rd period - Off-side.
6:31 of 3rd period - Wacey Hamilton wins face-off versus Bryan Lerg in neutral zone.
7:00 of 3rd period - Greg Zanon is hit by Carlo Colaiacovo and loses puck.
7:05 of 3rd period - Snap shot by Zac Dalpe.
7:05 of 3rd period - Shot Misses the Net.
8:07 of 3rd period - Slapshot by Carlo Colaiacovo.
8:07 of 3rd period - Goal by Carlo Colaiacovo - Phantoms : 2 - Stars : 2.
8:08 of 3rd period - Adam Lowry wins face-off versus Zac Dalpe in neutral zone.
8:21 of 3rd period - Snap shot by Adam Lowry.
8:21 of 3rd period - Stopped by Hannu Toivonen with a rebound.
8:43 of 3rd period - Backhand shot by Carlo Colaiacovo.
8:43 of 3rd period - Deflect By Alexandre Grenier.
8:43 of 3rd period - Shot Blocked by Keegan Lowe.
8:43 of 3rd period - Puck is out of play.
8:44 of 3rd period - Matt Lowry wins face-off versus Bryan Lerg in Phantoms zone.
8:45 of 3rd period - Slapshot by Carlo Colaiacovo.
8:45 of 3rd period - Shot Misses the Net.
8:51 of 3rd period - Matt Lowry is hit by Zack Stortini.
10:23 of 3rd period - Backhand shot by Bryan Lerg.
10:23 of 3rd period - Shot Misses the Net.
10:25 of 3rd period - Snap shot by Bryan Lerg.
10:25 of 3rd period - Deflect By Zack Stortini.
10:25 of 3rd period - Shot Blocked by Austin Madaisky.
10:25 of 3rd period - Puck is out of play.
10:26 of 3rd period - Wacey Hamilton wins face-off versus Bryan Lerg in Stars zone.
10:57 of 3rd period - Minor Penalty to Matt Lowry for Tripping.
10:58 of 3rd period - Carter Bancks wins face-off versus Bryan Lerg in Stars zone.
11:11 of 3rd period - Slapshot by Randy Jones.
11:11 of 3rd period - Shot Misses the Net.
11:47 of 3rd period - Alexandre Grenier is hit by Harri Pesonen and loses puck.
12:06 of 3rd period - Snap shot by Justin Shugg.
12:06 of 3rd period - Shot Blocked by Randy Jones.
12:08 of 3rd period - Slapshot by Jamie Oleksiak.
12:08 of 3rd period - Deflect By Randy Jones.
12:08 of 3rd period - Stopped by Marek Mazanec with a rebound.
12:10 of 3rd period - Slapshot by Matt Tennyson.
12:10 of 3rd period - Deflect By Justin Shugg.
12:10 of 3rd period - Stopped by Marek Mazanec with a rebound.
12:31 of 3rd period - Wrist shot by Justin Shugg.
12:31 of 3rd period - Shot Misses the Net.
12:43 of 3rd period - Carlo Colaiacovo is hit by Zack Stortini and loses puck.
12:57 of 3rd period - Penalty to Matt Lowry is over, Matt Lowry is back on ice.
13:34 of 3rd period - Wrist shot by Dmitrij Jaskin.
13:34 of 3rd period - Shot Misses the Net.
13:36 of 3rd period - Wrist shot by Chris Langkow.
13:36 of 3rd period - Shot Misses the Net.
13:38 of 3rd period - Snap shot by Josh Lunden.
13:38 of 3rd period - Shot Blocked by Steven Delisle.
14:27 of 3rd period - Wrist shot by Zac Dalpe.
14:27 of 3rd period - Stopped by Marek Mazanec with a rebound.
15:04 of 3rd period - Snap shot by Zac Dalpe.
15:04 of 3rd period - Shot Blocked by Greg Zanon.
15:06 of 3rd period - Slapshot by Austin Madaisky.
15:06 of 3rd period - Shot Misses the Net.
15:08 of 3rd period - Backhand shot by Spencer Machacek.
15:08 of 3rd period - Stopped by Marek Mazanec with a rebound.
15:10 of 3rd period - Snap shot by Austin Madaisky.
15:10 of 3rd period - Shot Blocked by Denver Manderson.
15:12 of 3rd period - Slapshot by Spencer Machacek.
15:12 of 3rd period - Stopped by Marek Mazanec with a rebound.
15:14 of 3rd period - Slapshot by Austin Madaisky.
15:14 of 3rd period - Stopped by Marek Mazanec with a rebound.
15:16 of 3rd period - Wrist shot by Nicolas Blanchard.
15:16 of 3rd period - Shot Misses the Net.
16:10 of 3rd period - Justin Shugg is hit by Adam Lowry and loses puck.
16:27 of 3rd period - Zack Stortini is hit by Jamie Oleksiak and loses puck.
17:01 of 3rd period - Harri Pesonen is hit by Matt Lowry and loses puck.
17:24 of 3rd period - Adam Lowry is hit by Zac Dalpe and loses puck.
17:43 of 3rd period - Matt Watkins is hit by Garnet Exelby and loses puck.
18:28 of 3rd period - Snap shot by Zac Dalpe.
18:28 of 3rd period - Stopped by Marek Mazanec with a rebound.
18:30 of 3rd period - Slapshot by Jamie Oleksiak.
18:30 of 3rd period - Stopped by Marek Mazanec with a rebound.
18:32 of 3rd period - Wrist shot by Zac Dalpe.
18:32 of 3rd period - Stopped by Marek Mazanec with a rebound.
18:34 of 3rd period - Snap shot by Justin Shugg.
18:34 of 3rd period - Stopped by Marek Mazanec with a rebound.
19:19 of 3rd period - Keegan Lowe is hit by Jamie Oleksiak and loses puck.
19:34 of 3rd period - Snap shot by Matt Watkins.
19:34 of 3rd period - Shot Blocked by Keegan Lowe.
Goals for this period are 1 for Phantoms vs 1 for Stars.
Shots for this period are 3 for Phantoms vs 15 for Stars.

Overtime #1


0:01 of 1st overtime period - Spencer Machacek wins face-off versus Dmitrij Jaskin in neutral zone.
0:30 of 1st overtime period - Wrist shot by Dmitrij Jaskin.
0:30 of 1st overtime period - Shot Blocked by Alexandre Grenier.
1:48 of 1st overtime period - Garnet Exelby is hit by Carter Bancks.
1:54 of 1st overtime period - Garnet Exelby is hit by Carter Bancks and loses puck.
2:11 of 1st overtime period - Chris Langkow is hit by Steven Delisle and loses puck.
2:54 of 1st overtime period - Matt Tennyson is hit by Denver Manderson and loses puck.
3:19 of 1st overtime period - Alexandre Grenier is hit by Randy Jones and loses puck.
3:30 of 1st overtime period - Slapshot by Greg Zanon.
3:30 of 1st overtime period - Shot Misses the Net.
3:32 of 1st overtime period - Snap shot by Adam Lowry.
3:32 of 1st overtime period - Stopped by Hannu Toivonen with a rebound.
3:47 of 1st overtime period - Spencer Machacek is hit by Dmitrij Jaskin and loses puck.
3:58 of 1st overtime period - Chris Langkow is hit by Alexandre Grenier and loses puck.
4:32 of 1st overtime period - Bryan Lerg is hit by Justin Shugg and loses puck.
Goals for this period are 0 for Phantoms vs 0 for Stars.
Shots for this period are 1 for Phantoms vs 0 for Stars.

ShootOut


5:00 of 1st overtime period - Penalty Shot by Dmitrij Jaskin for Phantoms.
5:00 of 1st overtime period - Wrist shot by Dmitrij Jaskin.
5:00 of 1st overtime period - Goal by Dmitrij Jaskin.
5:00 of 1st overtime period - Penalty Shot by Carter Bancks for Stars.
5:00 of 1st overtime period - Snap shot by Carter Bancks.
5:00 of 1st overtime period - Shot Misses the Net.
5:00 of 1st overtime period - Penalty Shot by Adam Lowry for Phantoms.
5:00 of 1st overtime period - Wrist shot by Adam Lowry.
5:00 of 1st overtime period - Goal by Adam Lowry.
5:00 of 1st overtime period - Penalty Shot by Zac Dalpe for Stars.
5:00 of 1st overtime period - Backhand shot by Zac Dalpe.
5:00 of 1st overtime period - Goal by Zac Dalpe.
5:00 of 1st overtime period - Penalty Shot by Bryan Lerg for Phantoms.
5:00 of 1st overtime period - Deke by Bryan Lerg.
5:00 of 1st overtime period - Stopped by Hannu Toivonen.
5:00 of 1st overtime period - Penalty Shot by Justin Shugg for Stars.
5:00 of 1st overtime period - Deke by Justin Shugg.
5:00 of 1st overtime period - Stopped by Marek Mazanec.


Output by the SimonT Hockey Simulator (STHS) for Eric Dolegowski -- Original Page W3C XHTML 1.0 Valid
Hockey Simulator - Hockey Simulation - Hockey Manager